Map: Deathaura LE

Players

Rogue - Winner!

  • Race: Zerg Zerg
  • Spawn Location: 5:00

soul

  • Race: Terran Terran
  • Spawn Location: 11:00

Event: StayAtHome Story Cup #3

VOD

Have the link to the VOD?

Description

Time

  • Played on: March 12, 2021, 7:53 a.m.
  • Length: 16:15

All games in this series

Show
View Real Time Build Order
Export as new Build Order

Rogue Zerg - Winner!

Build Orders: Hatch First, Muta Ling Bane 

Get SALT Encoding   

  12  0:00  Drone  
  13  0:12  Overlord  
  13  0:16  Drone  
  14  0:31  Drone x2  
  16  0:47  Hatchery  
  15  0:51  Drone  
  15  0:54  Drone  
  17  0:57  Drone  
  18  1:09  Extractor  
  17  1:13  Spawning Pool  
  17  1:15  Drone  
  17  1:19  Drone  
  18  1:28  Drone  
  19  1:39  Drone  
  20  1:49  Drone  
  21  1:59  Queen x2  
  21  2:00  Zergling x4  
  27  2:11  Drone  
  27  2:12  Overlord  
  28  2:22  Hatchery  
  27  2:25  Drone  
  28  2:32  Metabolic Boost  
  28  2:33  Drone  
  28  2:34  Drone  
  30  2:37  Drone  
  31  2:44  Queen  
  31  2:50  Overlord  
  33  2:54  Drone x2  
  33  2:57  Drone  
  36  3:10  Drone x3  
  36  3:11  Pneumatized Carapace  
  36  3:12  Drone  
  40  3:13  Drone  
  40  3:18  Overlord  
  41  3:20  Drone  
  41  3:24  Queen  
  44  3:35  Queen  
  44  3:36  Drone  
  44  3:37  Drone x2  
  44  3:39  Drone  
  50  3:46  Drone  
  50  3:47  Overlord  
  51  3:50  Drone  
  51  3:51  Drone  
  51  3:53  Queen  
  51  3:55  Zergling x4  
  57  3:57  Drone  
  57  4:02  Overlord  
  58  4:06  Drone x3  
  58  4:08  Drone  
  58  4:09  Drone x2  
  64  4:11  Queen  
  64  4:16  Overlord  
  66  4:20  Queen  
  68  4:24  Zergling x2  
  68  4:25  Zergling x8  
  68  4:28  Zergling x2  
  74  4:32  Baneling Nest  
  74  4:37  Drone  
  74  4:38  Zergling x2  
  75  4:42  Zergling x10  
  75  4:43  Lair  
  75  4:45  Drone x2  
  82  4:48  Overlord x2  
  82  4:51  Extractor  
  81  4:55  Extractor, Evolution Chamber  
  81  4:56  Evolution Chamber  
  78  5:00  Drone x3  
  78  5:05  Drone  
  78  5:06  Extractor, Overlord  
  81  5:09  Drone x3  
  84  5:14  Extractor  
  84  5:15  Extractor  
  84  5:16  Drone x3  
  84  5:20  Drone  
  84  5:21  Drone x2  
  88  5:27  Zergling x4  
  90  5:29  Zergling x2  
  90  5:34  Drone x2  
  90  5:35  Drone x4  
  97  5:38  Drone x2  
  97  5:40  Zerg Ground Armor Level 1  
  97  5:41  Zerg Melee Weapons Level 1  
  97  5:42  Overlord  
  99  5:55  Centrifical Hooks  
  98  5:58  Drone x3  
  98  6:01  Hatchery, Drone  
  101  6:05  Drone  
  101  6:06  Zergling x2, Spire  
  101  6:07  Zergling x8  
  101  6:09  Baneling  
  101  6:10  Baneling x4  
  106  6:12  Overseer  
  106  6:20  Zergling x14  
  112  6:27  Overlord  
  112  6:28  Overlord  
  112  6:35  Baneling x4  
  112  6:38  Hatchery  
  112  6:39  Drone x3  
  114  6:42  Overlord  
  114  6:46  Zergling x8  
  118  6:53  Drone  
  119  6:55  Drone x2  
  121  7:02  Zergling x14  
  121  7:03  Zergling x4  
  117  7:11  Zergling x4  
  113  7:27  Mutalisk x9  
  113  7:28  Hatchery, Mutalisk  
  129  7:32  Mutalisk  
  131  7:37  Mutalisk  
  131  7:41  Mutalisk  
  131  7:43  Overlord  
  135  7:47  Overlord  
  136  7:51  Drone x5  
  136  7:52  Overlord  
  136  7:55  Overlord  
  136  7:57  Spore Crawler  
  136  7:58  Overlord x2  
  139  8:01  Mutalisk x3  
  139  8:03  Drone  
  139  8:05  Drone  
  134  8:09  Drone  
  134  8:10  Drone  
  134  8:11  Drone  
  131  8:13  Drone  
  131  8:16  Drone x2  
  129  8:20  Drone  
  129  8:22  Mutalisk x2  
  127  8:28  Drone x2  
  127  8:29  Drone  
  127  8:33  Drone x4  
  134  8:45  Overseer  
  134  8:47  Hatchery  
  133  8:48  Zerg Flyer Weapons Level 1  
  133  8:51  Mutalisk x3  
  139  8:56  Extractor, Mutalisk  
  139  8:57  Zergling x4  
  142  9:02  Baneling  
  142  9:03  Baneling x5  
  142  9:04  Drone  
  143  9:12  Drone x3  
  143  9:14  Extractor  
  143  9:15  Zergling x20  
  155  9:20  Mutalisk x2  
  155  9:21  Mutalisk  
  161  9:28  Zergling x2  
  161  9:29  Zergling x4  
  164  9:32  Spore Crawler  
  155  9:40  Drone x9  
  160  9:48  Zerg Ground Armor Level 2, Zerg Melee Weapons Level 2  
  160  9:49  Drone x5  
  164  9:56  Drone x2  
  164  9:57  Drone x5  
  171  10:01  Baneling x7  
  171  10:02  Zergling x2  
  171  10:03  Zergling x2  
  173  10:09  Zergling x12  
  173  10:12  Baneling  
  173  10:13  Baneling x6  
  179  10:17  Zergling x6  
  179  10:18  Zergling x4  
  179  10:19  Zergling x2  
  179  10:20  Zergling x2  
  186  10:24  Zergling x12  
  192  10:29  Infestation Pit  
  192  10:30  Baneling  
  192  10:31  Baneling x11  
  192  10:32  Zergling x2  
  190  10:41  Zergling x24  
  190  10:42  Zergling x2  
  194  10:45  Zergling x2  
  194  10:46  Zergling x10  
  194  10:49  Zergling x2  
  200  10:50  Zergling x2  
  200  10:54  Zerg Flyer Weapons Level 2  
  198  11:12  Overlord  
  198  11:16  Overlord  
  198  11:17  Baneling, Overseer  
  198  11:18  Baneling x5  
  194  11:21  Hive  
  194  11:25  Spore Crawler  
  193  11:29  Zergling x6, Overlord  
  193  11:30  Baneling x2, Burrow  
  193  11:31  Baneling x12  
  196  11:34  Hatchery  
  196  11:38  Baneling x8  
  196  11:39  Drone x4  
  200  11:40  Drone  
  200  12:07  Hatchery  
  193  12:13  Zergling x22  
  193  12:14  Zergling x4  
  199  12:23  Spore Crawler  
  199  12:26  Zergling x2  
  199  12:36  Ultralisk Cavern, Adrenal Glands  
  198  12:38  Overseer x3  
  198  12:40  Drone  
  187  13:01  Zergling x2  
  187  13:02  Zergling x26  
  187  13:03  Baneling x8  
  187  13:04  Baneling x23  
  200  13:08  Zerg Melee Weapons Level 3, Zerg Ground Armor Level 3  
  200  13:09  Baneling x8  
  197  13:13  Zergling x2  
  197  13:18  Zergling x6  
  196  13:20  Zergling x4  
  191  13:27  Hatchery  
  191  13:28  Zergling x20  
  191  13:29  Zergling x2  
  191  13:33  Zergling x24  
  191  13:34  Zergling x14  
  200  13:37  Zergling x2  
  200  13:38  Zergling x6  
  200  13:39  Zergling x8  
  192  13:47  Zergling x4  
  192  13:48  Zergling x38  
  199  13:49  Baneling x8  
  199  13:50  Chitinous Plating  
  198  14:01  Zergling x4  
  192  14:14  Mutalisk x4  
  195  14:35  Mutalisk x3  
  169  14:49  Ultralisk x4  
  169  14:50  Zergling x20  
  199  14:58  Baneling x22  
  199  14:59  Baneling x7  
  199  15:09  Anabolic Synthesis  
  199  15:12  Baneling x5  
  199  15:13  Baneling x6  
  199  15:17  Ultralisk  
  199  15:20  Hatchery  
  196  15:22  Zergling x2  
  196  15:23  Zergling x6  
  199  15:30  Zergling x10  
  190  15:52  Overlord  
Show
View Real Time Build Order
Export as new Build Order

soul Terran 

Build Orders: Reaper Expand 

Get SALT Encoding   

  12  0:00  SCV  
  13  0:12  SCV  
  14  0:17  Supply Depot  
  14  0:24  SCV  
  15  0:38  SCV  
  15  0:40  Barracks  
  16  0:44  Refinery  
  16  0:50  SCV  
  17  1:02  SCV  
  18  1:14  SCV  
  19  1:28  Reaper, Orbital Command  
  20  1:39  Command Center  
  20  1:47  Supply Depot  
  20  1:54  SCV  
  21  1:59  Marine  
  22  2:06  SCV  
  22  2:07  Barracks  
  23  2:18  SCV  
  23  2:19  Barracks Reactor  
  24  2:30  SCV  
  25  2:37  Command Center  
  25  2:42  SCV  
  26  2:52  Orbital Command  
  26  2:54  SCV  
  26  2:55  Barracks Tech Lab  
  27  2:58  Factory  
  27  3:03  Refinery  
  27  3:06  SCV  
  27  3:11  Marine  
  29  3:13  Stimpack  
  29  3:15  Marine  
  29  3:18  SCV  
  31  3:20  SCV  
  31  3:22  Marine  
  33  3:29  Marine  
  33  3:30  SCV  
  33  3:32  SCV  
  33  3:33  Marine  
  37  3:40  Marine  
  38  3:42  SCV  
  38  3:43  Starport  
  38  3:44  SCV  
  38  3:45  Factory Reactor  
  38  3:47  Marine  
  41  3:51  Marine  
  41  3:52  Orbital Command  
  41  3:55  SCV  
  43  3:57  Marine  
  43  3:59  SCV  
  45  4:05  Marine  
  45  4:07  SCV  
  45  4:09  Marine  
  48  4:11  SCV  
  48  4:15  Marine  
  48  4:16  Supply Depot  
  50  4:19  SCV x2  
  50  4:23  SCV, Marine  
  54  4:26  Marine  
  54  4:28  Medivac x2  
  54  4:29  Factory Tech Lab, Supply Depot  
  58  4:31  SCV  
  58  4:35  Refinery x2  
  58  4:36  Orbital Command, Marine  
  61  4:41  SCV, Marine  
  61  4:44  Marine  
  61  4:45  SCV  
  64  4:48  Bunker  
  64  4:50  Siege Tank  
  67  4:53  SCV  
  67  4:54  Marine  
  67  4:55  Supply Depot  
  67  4:57  SCV  
  67  4:59  Marine  
  71  5:05  SCV  
  71  5:06  SCV  
  73  5:07  Engineering Bay x2, Combat Shield  
  73  5:08  Marine  
  74  5:14  Marine  
  74  5:17  Starport Reactor, Marine  
  74  5:18  SCV  
  74  5:20  SCV  
  78  5:22  SCV  
  78  5:23  Supply Depot  
  78  5:26  Marine  
  80  5:30  SCV, Barracks, Siege Tank  
  80  5:32  Marine  
  85  5:37  Supply Depot  
  85  5:45  SCV x2, Marine  
  85  5:46  SCV  
  89  5:52  Barracks  
  89  5:53  Medivac  
  89  5:54  Medivac  
  89  5:56  Marine  
  93  5:59  SCV x2, Marine, Terran Infantry Weapons Level 1, Terran Infantry Armor Level 1  
  93  6:02  SCV  
  97  6:06  Supply Depot  
  97  6:07  Marine  
  97  6:08  Supply Depot  
  97  6:11  SCV x2  
  100  6:14  SCV  
  101  6:26  Barracks  
  101  6:27  Armory  
  101  6:28  Widow Mine, SCV x3, Marine x2  
  101  6:30  Marine  
  108  6:33  Medivac  
  108  6:38  Supply Depot  
  108  6:39  Marine  
  111  6:40  Factory, Supply Depot  
  111  6:41  Barracks Reactor, Marine  
  111  6:45  SCV  
  111  6:46  Marine x2  
  116  6:47  SCV  
  116  6:48  SCV  
  117  6:59  Marine  
  117  7:00  Supply Depot  
  115  7:11  Marine x4  
  115  7:13  Marine  
  115  7:14  Refinery  
  116  7:16  Command Center  
  116  7:17  Marine x2  
  116  7:19  Widow Mine  
  118  7:29  Marine, Factory Reactor  
  111  7:31  SCV, Medivac x2  
  111  7:33  SCV  
  111  7:35  Refinery  
  111  7:36  Supply Depot  
  117  7:41  Widow Mine  
  117  7:42  Drilling Claws  
  119  7:44  SCV  
  119  7:46  SCV, Barracks x2  
  119  7:47  Barracks, Marine  
  119  7:48  Marine  
  119  7:49  Barracks Reactor  
  122  7:52  SCV, Marine  
  122  7:55  Marine  
  122  7:56  SCV  
  126  7:59  Marine  
  126  8:02  Widow Mine  
  126  8:03  Marine  
  125  8:08  Widow Mine, SCV, Marine  
  119  8:13  SCV, Medivac x2  
  119  8:15  Widow Mine  
  119  8:16  SCV  
  119  8:19  Marine, Missile Turret  
  126  8:23  Widow Mine  
  123  8:29  Widow Mine  
  123  8:30  Missile Turret  
  123  8:31  Missile Turret  
  123  8:33  Terran Infantry Armor Level 2, Terran Infantry Weapons Level 2  
  125  8:36  Barracks Tech Lab x3  
  125  8:37  Widow Mine  
  125  8:38  SCV x3  
  130  8:42  Missile Turret  
  130  8:43  Medivac x2  
  130  8:44  Missile Turret  
  130  8:45  Widow Mine  
  130  8:47  Missile Turret  
  132  8:50  Refinery, SCV x3, Widow Mine  
  135  8:58  Widow Mine  
  127  9:06  Planetary Fortress, Thor  
  127  9:09  Marauder x2  
  137  9:13  Marauder  
  137  9:15  Marauder  
  141  9:19  Widow Mine  
  141  9:20  Widow Mine  
  145  9:26  Marine x5  
  145  9:30  Marauder x2  
  150  9:35  Marauder  
  152  9:39  Barracks Tech Lab  
  152  9:40  Widow Mine, Command Center  
  152  9:41  Widow Mine, SCV x3  
  152  9:49  Widow Mine  
  152  9:51  Marauder  
  152  9:52  Marauder  
  154  9:53  SCV  
  154  9:55  Sensor Tower  
  154  9:58  SCV  
  154  10:01  Widow Mine  
  154  10:02  Missile Turret  
  154  10:04  Terran Vehicle And Ship Armor Level 1  
  154  10:05  Widow Mine  
  158  10:07  Supply Depot  
  158  10:08  Marauder x2  
  158  10:09  Supply Depot x2  
  158  10:11  SCV  
  163  10:15  Marine  
  164  10:22  Marauder  
  164  10:24  Marauder, Marine  
  161  10:29  Marauder x2, Marine  
  161  10:30  Marine, Thor  
  161  10:31  Marine  
  174  10:37  Marine  
  174  10:40  Marine  
  174  10:41  Marine x2  
  162  10:43  Marauder  
  162  10:47  Marine x2  
  162  10:49  Widow Mine, Marine  
  164  10:50  Marine x2, Medivac  
  164  10:51  Marauder, Medivac  
  164  10:54  Marine  
  164  10:56  Terran Infantry Weapons Level 3  
  167  10:58  Marine  
  167  10:59  Marine  
  167  11:03  Concussive Shells  
  166  11:04  Marauder  
  166  11:05  Marine x2  
  166  11:07  Marine  
  166  11:08  Widow Mine  
  166  11:12  Marine x2  
  166  11:15  Widow Mine  
  166  11:16  Marine x2  
  166  11:17  SCV x2  
  171  11:20  Medivac  
  171  11:21  Barracks Reactor, Barracks Tech Lab  
  171  11:23  SCV, Marine x2  
  171  11:24  Barracks  
  171  11:25  Widow Mine, Terran Infantry Armor Level 3, Marine x2  
  177  11:27  Medivac  
  177  11:29  Widow Mine, SCV, Marine  
  177  11:30  Marine  
  185  11:34  Marine x2  
  187  11:40  Widow Mine, Factory  
  187  11:41  Marine x2  
  187  11:42  Marine  
  187  11:43  Marine  
  187  11:46  Siege Tank  
  196  11:47  Marine  
  196  11:48  Marine  
  196  11:49  Missile Turret  
  196  11:50  Missile Turret  
  196  11:51  Widow Mine, Missile Turret  
  200  11:56  Sensor Tower  
  200  11:57  Missile Turret x2  
  193  12:08  Marine  
  193  12:09  Marauder  
  196  12:19  Planetary Fortress  
  196  12:20  Command Center, Missile Turret  
  196  12:21  Barracks Tech Lab  
  196  12:22  Missile Turret  
  196  12:23  Siege Tank  
  196  12:29  SCV  
  200  12:34  Terran Vehicle And Ship Armor Level 2, Missile Turret  
  200  12:35  Factory Tech Lab, Missile Turret  
  200  12:41  Orbital Command  
  200  12:43  Supply Depot  
  200  12:45  Ghost Academy  
  200  12:49  Command Center  
  200  12:54  Barracks Reactor  
  175  13:21  SCV, Marine x2  
  175  13:23  Medivac  
  171  13:28  Marine  
  171  13:29  Marine  
  171  13:31  Marine x8, Medivac  
  174  13:39  Marine x2  
  141  13:41  Thor x2  
  141  13:46  Marine  
  141  13:47  Marine  
  141  13:48  Widow Mine x2  
  135  13:49  Marine x8  
  134  13:57  Marine x2  
  134  13:59  SCV x3  
  138  14:04  Marine  
  138  14:05  Orbital Command, Marine  
  138  14:07  Orbital Command, Marine x8  
  138  14:09  Widow Mine  
  141  14:11  SCV x2  
  141  14:13  Widow Mine, SCV  
  141  14:15  Marine x2  
  147  14:19  Bunker  
  147  14:22  Marine x2  
  147  14:23  SCV  
  150  14:24  Thor  
  150  14:25  Widow Mine, Marine x4  
  150  14:27  Missile Turret  
  150  14:28  Missile Turret  
  150  14:31  Widow Mine  
  154  14:34  Widow Mine, Marauder  
  155  14:40  Orbital Command  
  155  14:41  Marine  
  155  14:44  Marine x4  
  155  14:45  Marine  
  148  14:46  Widow Mine  
  148  14:48  SCV x4  
  146  15:00  SCV x4  
  146  15:03  Widow Mine  
  146  15:06  Marauder  
  154  15:08  Marauder  
  154  15:10  Marine x3  
  154  15:12  SCV x4, Marine x2  
  165  15:16  Widow Mine  
  163  15:24  SCV x3  
  163  15:25  Widow Mine  
  169  15:31  Marine  
  169  15:35  Widow Mine  
  163  15:42  Marauder x4  
  136  15:51  Widow Mine  
Tags
 
Add a new tag
Caveats
  • Supply blocks, unpowered buildings, or Contaminate may cause inaccurate times.
  • Supply counts are checked every 10 seconds.